Map: Echo LE (Void)

Players

Musumeci

  • Race: Zerg Zerg
  • League: Diamond
  • Spawn Location: 11:00

Nïàk - Winner!

  • Race: Terran Terran
  • League: Diamond
  • Spawn Location: 5:00

VOD

Have the link to the VOD?

Description

Time

  • Played on: Jan. 7, 2017, 8:19 a.m.
  • Length: 17:32
Show
View Real Time Build Order
Export as new Build Order

Musumeci Zerg 

Build Orders: Hatch First 

Get SALT Encoding   

  12  0:02  Drone  
  13  0:08  Drone  
  13  0:13  Extractor  
  13  0:14  Drone  
  15  0:40  Hatchery  
  14  0:45  Extractor  
  14  0:46  Drone  
  15  1:01  Spawning Pool  
  14  1:06  Drone, Extractor  
  14  1:14  Drone, Extractor  
  16  1:19  Overlord  
  16  1:37  Drone x2  
  16  1:39  Drone  
  19  1:40  Extractor  
  19  1:50  Queen  
  19  1:51  Queen  
  23  2:06  Drone x4  
  26  2:11  Overlord  
  26  2:25  Queen  
  26  2:29  Queen  
  30  2:33  Drone x2  
  30  2:36  Overlord  
  32  2:39  Drone  
  32  2:41  Drone  
  32  2:44  Drone  
  35  2:49  Drone  
  36  2:56  Drone  
  37  3:12  Extractor  
  37  3:13  Drone x7, Extractor  
  37  3:14  Roach Warren  
  41  3:21  Overlord  
  41  3:30  Hatchery  
  40  3:37  Drone x3  
  40  3:39  Drone x2  
  45  3:42  Drone  
  45  3:44  Overlord  
  46  3:57  Roach  
  46  3:58  Roach x2  
  52  4:03  Roach x2  
  52  4:05  Overlord  
  56  4:13  Evolution Chamber  
  56  4:14  Evolution Chamber  
  54  4:36  Lair  
  54  4:37  Drone x2  
  56  4:46  Drone x4  
  56  4:48  Drone x4  
  56  4:49  Drone, Extractor  
  64  4:53  Drone x2, Extractor  
  64  4:59  Spore Crawler  
  64  5:01  Spore Crawler x3  
  64  5:04  Drone x5  
  64  5:05  Overlord  
  66  5:27  Roach  
  66  5:28  Roach x3  
  74  5:30  Overlord x3  
  74  5:49  Spore Crawler x2  
  72  5:52  Drone x3, Spore Crawler  
  72  5:55  Drone  
  72  5:56  Overlord  
  72  5:57  Overlord  
  75  5:59  Roach x3  
  75  6:00  Ravager x3  
  75  6:01  Ravager  
  85  6:05  Drone x7  
  85  6:06  Extractor x2  
  84  6:42  Drone x12  
  96  6:47  Glial Reconstitution, Zerg Ground Armor Level 1, Zerg Missile Weapons Level 1  
  96  6:49  Ravager x4  
  96  6:50  Roach x2, Ravager  
  105  7:00  Hatchery  
  104  7:09  Drone  
  104  7:11  Roach x4  
  113  7:23  Overlord x2  
  113  7:24  Overlord x4  
  113  7:31  Overlord  
  113  7:46  Roach x2  
  113  7:47  Roach x15  
  147  8:03  Roach x4  
  147  8:04  Infestation Pit  
  154  8:19  Overlord  
  154  8:20  Overlord  
  154  8:21  Overlord  
  154  8:23  Overlord  
  154  8:25  Overlord x3  
  154  8:27  Ravager  
  154  8:28  Roach, Ravager x10  
  154  8:29  Roach  
  154  8:31  Roach  
  171  8:34  Extractor  
  171  8:40  Extractor  
  169  8:42  Zerg Missile Weapons Level 2  
  169  8:52  Zerg Ground Armor Level 2  
  169  9:09  Ravager x2  
  173  9:10  Ravager x2  
  173  9:11  Roach  
  173  9:15  Drone x2  
  173  9:16  Drone  
  178  9:39  Spore Crawler  
  176  10:12  Queen  
  178  10:28  Drone x3  
  181  10:42  Spore Crawler  
  181  10:45  Spore Crawler  
  170  11:04  Hive  
  170  11:08  Ravager x16  
  186  11:12  Burrow, Tunneling Claws  
  154  11:48  Roach x5  
  154  11:49  Roach x3  
  170  12:03  Drone x5  
  175  12:28  Roach x9  
  175  12:29  Roach x3  
  187  12:50  Roach  
  184  13:03  Roach  
  180  13:06  Roach x10  
  180  13:08  Ravager x2  
  180  13:10  Roach x2  
  194  13:14  Roach  
  194  13:17  Roach  
  194  13:20  Roach x2  
  194  13:25  Drone x6  
  200  13:28  Spine Crawler  
  200  13:29  Spine Crawler  
  200  13:30  Spine Crawler  
  200  13:31  Spine Crawler  
  192  13:42  Roach  
  182  13:54  Roach  
  182  13:55  Roach x12  
  165  14:11  Ravager  
  165  14:12  Ravager x11  
  175  14:17  Roach x4  
  175  14:18  Roach x6  
  175  14:19  Roach x3  
  175  14:22  Roach x3  
  175  14:23  Roach x2  
  166  14:39  Extractor  
  166  14:40  Hatchery  
  166  14:45  Roach x15  
  132  14:50  Roach x4  
  117  15:04  Queen  
  117  15:06  Roach  
  117  15:07  Roach x3  
  122  15:10  Drone x20  
  122  15:11  Roach x2  
  111  15:18  Ravager x3  
  111  15:19  Ravager x10  
  117  15:27  Drone  
  113  15:36  Hatchery  
  112  15:48  Hatchery  
  111  15:55  Extractor  
  110  15:57  Hatchery  
  110  15:59  Extractor  
  108  16:08  Roach x12  
  79  16:28  Roach x6  
  79  16:29  Ravager  
  79  16:30  Ravager x11  
  78  16:42  Roach x2  
  78  16:43  Roach x3  
  64  16:48  Roach x3  
  64  16:52  Ravager x3  
  50  16:56  Roach  
  50  16:57  Roach  
  50  16:58  Roach x3  
  47  17:04  Ravager x4  
  47  17:05  Roach  
  47  17:06  Roach x3  
Show
View Real Time Build Order
Export as new Build Order

Nïàk Terran - Winner!

Build Orders: MMM Bio 

Get SALT Encoding   

  12  0:01  SCV  
  13  0:13  SCV  
  14  0:17  Supply Depot  
  14  0:25  SCV  
  15  0:39  SCV  
  15  0:40  Barracks  
  16  0:45  Refinery  
  16  0:51  SCV  
  17  1:03  SCV  
  18  1:15  SCV  
  19  1:27  Marine  
  19  1:29  Orbital Command  
  20  1:45  Command Center  
  20  1:50  Marine  
  21  1:55  Supply Depot  
  22  2:01  SCV  
  22  2:11  Barracks Tech Lab  
  22  2:13  SCV  
  23  2:16  Barracks  
  23  2:23  Bunker  
  23  2:25  SCV  
  24  2:30  Stimpack  
  24  2:31  Marine  
  25  2:37  SCV  
  26  2:49  SCV, Marine  
  28  3:01  Orbital Command  
  28  3:03  Barracks Reactor  
  28  3:07  Refinery, Marine  
  28  3:08  SCV  
  29  3:15  Supply Depot  
  29  3:18  Engineering Bay  
  29  3:25  SCV, Marine  
  31  3:27  SCV  
  32  3:34  Factory  
  32  3:37  SCV  
  32  3:39  SCV, Marine x2  
  36  3:43  Marine  
  36  3:46  Supply Depot  
  37  3:49  SCV  
  37  3:52  SCV, Terran Infantry Weapons Level 1  
  39  3:57  Marine x2  
  39  4:01  SCV  
  42  4:04  SCV  
  42  4:09  Supply Depot  
  43  4:11  Marine  
  43  4:13  SCV  
  43  4:16  SCV  
  46  4:17  Refinery  
  46  4:18  Starport  
  46  4:20  Factory Reactor  
  46  4:25  SCV  
  46  4:29  SCV, Marine  
  46  4:30  Marine  
  50  4:33  Supply Depot  
  50  4:37  SCV  
  51  4:41  SCV  
  52  4:49  SCV  
  52  4:50  Marine x3, Supply Depot  
  56  4:52  Combat Shields  
  56  4:53  SCV  
  57  5:01  SCV  
  57  5:04  Medivac x2  
  57  5:05  SCV  
  57  5:06  Factory Reactor  
  63  5:13  SCV  
  64  5:17  Marine x3  
  64  5:18  SCV  
  68  5:22  Engineering Bay  
  68  5:26  SCV, Armory  
  69  5:30  SCV  
  69  5:34  Marine  
  69  5:35  Marine x2  
  75  5:51  Command Center  
  75  5:52  Marine x2  
  75  5:57  Refinery  
  75  5:59  Marine  
  76  6:05  Barracks, Terran Infantry Armor Level 1  
  76  6:07  Barracks, Medivac  
  76  6:08  Widow Mine  
  76  6:10  Bunker  
  76  6:11  Marine  
  81  6:15  SCV x2  
  82  6:32  Marine  
  79  6:33  Marine x2  
  66  6:41  SCV x2  
  68  6:52  Terran Infantry Weapons Level 2  
  68  6:53  SCV x2  
  70  6:54  Barracks  
  70  6:58  Factory Tech Lab  
  70  7:04  Sensor Tower  
  70  7:05  SCV x2  
  70  7:07  Supply Depot  
  70  7:08  Orbital Command  
  72  7:17  Siege Tank  
  72  7:18  Marine x2  
  72  7:19  Barracks Tech Lab  
  72  7:20  Barracks Tech Lab  
  77  7:28  SCV x2  
  80  7:30  Supply Depot  
  80  7:31  Marauder  
  80  7:32  Concussive Shells  
  80  7:34  SCV  
  80  7:36  Marine  
  83  7:37  Terran Vehicle Weapons Level 1  
  83  7:40  SCV x2  
  83  7:41  Refinery  
  83  7:42  Marauder x2, Refinery, Marine  
  90  7:46  SCV  
  90  7:47  Factory  
  91  7:52  SCV x2, Marine  
  91  7:53  Supply Depot  
  91  7:57  Marine x3  
  91  7:58  SCV  
  97  8:00  Medivac x2, Siege Tank  
  97  8:03  Marauder x2  
  97  8:04  SCV  
  109  8:08  Missile Turret, Supply Depot  
  109  8:12  Marine  
  110  8:13  Supply Depot  
  110  8:16  Marauder, Supply Depot  
  110  8:17  Marine x3  
  115  8:22  Terran Infantry Armor Level 2  
  115  8:24  Marauder  
  115  8:25  Marauder  
  115  8:26  Supply Depot x2  
  119  8:32  Supply Depot  
  119  8:34  Siege Tank  
  119  8:35  Factory Tech Lab  
  119  8:37  Medivac  
  119  8:38  Medivac  
  119  8:40  Marine x4  
  132  8:49  Command Center  
  132  8:57  Marauder, Marine  
  132  8:58  Marauder x2, Marine x3  
  140  9:04  Siege Tank  
  143  9:12  Siege Tank  
  143  9:15  Marine x2  
  148  9:19  Marauder, Terran Infantry Weapons Level 3  
  148  9:22  Barracks  
  150  9:28  Marine x2  
  150  9:29  Marauder x2  
  156  9:46  Marine x3  
  156  9:47  Marine x2  
  156  9:50  Marauder x2  
  165  10:04  Marine x2  
  165  10:05  Marauder  
  164  10:11  Marauder  
  164  10:12  Marauder  
  164  10:13  Siege Tank x2  
  172  10:26  Marauder  
  173  10:44  Marine x5  
  173  10:45  Marauder  
  173  10:48  Marauder  
  160  11:03  Marauder, Marine x2  
  160  11:04  Marine x2  
  165  11:06  Barracks Reactor, Marine  
  165  11:07  Siege Tank x2  
  165  11:09  Marauder  
  165  11:10  Planetary Fortress  
  175  11:21  Marine x3  
  175  11:22  Marine  
  175  11:24  Marauder x2  
  183  11:31  Marauder  
  165  11:40  Marine x4  
  165  11:45  Marauder  
  165  11:46  Marauder  
  165  11:49  Marine x2  
  165  11:51  Marine  
  168  11:58  Marine x2  
  168  12:01  Siege Tank x2  
  174  12:02  SCV x3  
  174  12:05  Marine x2  
  174  12:06  Marine  
  174  12:07  Marauder x2, Marine, Terran Infantry Armor Level 3  
  185  12:08  Terran Vehicle Weapons Level 2  
  185  12:10  Marauder  
  185  12:14  SCV x2  
  185  12:15  Starport, Marine  
  184  12:16  Starport, Marine  
  181  12:23  Marine x2  
  181  12:28  Marauder x2  
  185  12:31  Marauder  
  182  12:50  Marauder x2  
  178  12:53  Marauder  
  178  12:54  Marine x6  
  184  13:09  Missile Turret  
  184  13:11  Marauder x2  
  188  13:25  Starport Tech Lab  
  188  13:26  Marine  
  188  13:36  Starport Reactor  
  188  13:37  Marine  
  188  13:46  Marine  
  188  13:47  Marine x2  
  188  13:48  Marine x2  
  188  13:49  Marauder, Marine  
  188  13:50  Marauder  
  188  13:55  Marine  
  181  14:05  Marauder, Marine x2  
  181  14:06  Marine x3  
  188  14:22  Command Center  
  188  14:25  Marine  
  188  14:37  Marine x3  
  188  14:39  Marine  
  188  14:40  Marine, Medivac x2  
  188  14:41  Medivac  
  188  14:43  Marauder, Marine  
  188  14:44  Marauder  
  188  14:46  Marauder, Medivac  
  186  14:55  Siege Tank  
  186  14:57  Marine  
  188  15:06  Marine  
  188  15:13  Supply Depot  
  188  15:15  Supply Depot  
  188  15:33  Marauder, Marine x6, Medivac, Siege Tank  
  188  15:34  Barracks  
  199  15:36  Marauder, Barracks  
  199  15:49  Refinery  
  199  15:50  Refinery  
  199  15:51  Marine  
  200  15:58  Missile Turret  
  200  16:04  Medivac  
  200  16:05  Marauder  
  200  16:11  Marine x6  
  178  16:12  Marauder x2  
  178  16:14  Siege Tank x2  
  193  16:27  Marauder  
  193  16:28  Marine  
  193  16:29  Marine x3  
  192  16:48  Marauder  
  192  16:49  Marine x6  
  192  16:50  Marauder, Marine  
  192  16:51  Siege Tank  
  198  17:07  Marine x2  
Tags
 
Composition
MMM Bio
Matchup
TvZ
Replay Pack
replay pack
Spawn Locations
Cross Positions
Add a new tag
Caveats
  • Supply blocks, unpowered buildings, or Contaminate may cause inaccurate times.
  • Supply counts are checked every 10 seconds.